 Dungeon Crawl Stone Soup version 0.20-a0-214-gb74cb0e (webtiles) character file.

7 deepsabbath the Firebug (level 1, 0/10 HPs)
             Began as a Deep Elf Fire Elementalist on Nov 27, 2016.
             Slain by an ooze (5 damage)
             ... on level 1 of the Dungeon.
             The game lasted 00:02:14 (812 turns).

deepsabbath the Firebug (Deep Elf Fire Elementalist) Turns: 812, Time: 00:02:15

Health: 0/10       AC:  2    Str:  5    XL:     1   Next: 83%
Magic:  6/6        EV: 13    Int: 19    God:
Gold:   37         SH:  0    Dex: 15    Spells: 5/6 levels left

rFire  . . .     SeeInvis .     g - +0 short sword
rCold  . . .     Gourm    .     a - +0 robe
rNeg   . . .     Faith    .     (no shield)
rPois  .         Spirit   .     (no helmet)
rElec  .         Reflect  .     (no cloak)
rCorr  .         Harm     .     (no gloves)
MR     .....                    (no boots)
Stlth  ++........               (no amulet)
                                (no ring)
                                (no ring)

@: no status effects
A: no striking features
a: no special abilities


You were on level 1 of the Dungeon.
You were not hungry.

You visited 1 branch of the dungeon, and saw 1 of its levels.

You collected 37 gold pieces.

Inventory:

Hand Weapons
 f - a +0 whip
   (You took it off a kobold on level 1 of the Dungeon)
 g - a +0 short sword (weapon)
   (You found it on level 1 of the Dungeon)
Armour
 a - a +0 robe (worn)
Scrolls
 d - a scroll of enchant weapon {unknown}
 e - a scroll of remove curse {unknown}
 h - a scroll of recharging {unknown}
 i - a scroll of enchant armour {unknown}
Books
 b - a book of Flames
Comestibles
 c - a bread ration {@e1}


   Skills:
 * Level 1.1 Short Blades
 - Level 2.8 Dodging
 - Level 2.4 Stealth
 - Level 3.0 Spellcasting
 - Level 1.1 Conjurations
 - Level 3.2 Fire Magic


You had 5 spell levels left.
You knew the following spells:

 Your Spells              Type           Power        Failure   Level  Hunger
a - Flame Tongue          Conj/Fire      ##...        10%         1    None


Dungeon Overview and Level Annotations

Branches:
Dungeon (1/15)

Altars:


Message History

You take 1 damage, and have 4/10 hp.
You miss the kobold. The kobold misses you. The kobold barely misses you.
The kobold hits you but does no damage.
You hit the kobold but do no damage. The kobold misses you.
You closely miss the kobold. The kobold hits you but does no damage.
You hit the kobold. The kobold hits you with a whip.
You take 1 damage, and have 8/10 hp.
You hit the kobold but do no damage. The kobold barely misses you.
You hit the kobold. The kobold misses you.
You hit the kobold.
You kill the kobold!
f - a whip You see here a kobold corpse.
Wield which item (- for none, * to show all)? (? for menu, Esc to quit)
You don't have any such object.
Wield which item (- for none, * to show all)? (? for menu, Esc to quit)
Okay, then.
Unknown command.
Wield which item (- for none, * to show all)? (? for menu, Esc to quit)
f - a +0 whip (weapon)
You start resting.
Health restored: 10 A kobold comes into view.
It is wielding a short sword.
A rat comes into view.
You see here 6 gold pieces.
The rat barely misses you.
You hit the rat.
You kill the rat!
You now have 24 gold pieces (gained 6).
You see here a short sword.
g - a short sword Wield which item (- for none, * to show all)? (? for menu, Esc to quit)
g - a +0 short sword (weapon)
You open the door.
A rat comes into view.
There is an open door here.
You closely miss the rat. The rat bites you.
You take 1 damage, and have 9/10 hp.
You barely miss the rat. The rat barely misses you.
You completely miss the rat. The rat bites you.
You take 2 damage, and have 7/10 hp.
You hit the rat but do no damage. The rat barely misses you.
You hit the rat but do no damage. The rat misses you.
You closely miss the rat. The rat barely misses you.
You closely miss the rat. The rat barely misses you.
You hit the rat.
You kill the rat!
You start resting.
Health restored: 10 A giant cockroach comes into view.
You see here a scroll labeled ESIUSTRYLLO.
You hit the giant cockroach but do no damage.
The giant cockroach bites you. The giant cockroach closely misses you.
You take 1 damage, and have 9/10 hp.
You hit the giant cockroach but do no damage.
The giant cockroach bites you but does no damage.
You hit the giant cockroach. The giant cockroach bites you.
You take 1 damage, and have 8/10 hp.
You hit the giant cockroach.
You kill the giant cockroach!
h - a scroll labeled ESIUSTRYLLO You start resting.
Health restored: 10
i - a scroll labeled FELOTW ULEI You now have 30 gold pieces (gained 6).
You now have 37 gold pieces (gained 7).
Found a stone staircase leading down.
A rat comes into view.
A goblin comes into view. It is wielding a dagger.
The goblin shouts!
An ooze comes into view.
The ooze quivers.
You hit the rat.
You kill the rat!
The goblin misses you.
You hit the goblin. The goblin hits you with a dagger.
A jackal comes into view.
You take 3 damage, and have 7/10 hp.
MASSIVE DAMAGE!!
The jackal barks!
You closely miss the goblin. The goblin misses you.
You barely miss the goblin. The goblin barely misses you.
You closely miss the goblin. The goblin barely misses you.
You hit the goblin. The goblin closely misses you.
You barely miss the goblin. The goblin barely misses you.
You hit the goblin but do no damage. The goblin closely misses you.
You completely miss the goblin. The goblin hits you but does no damage.
You barely miss the goblin. The goblin hits you but does no damage.
You hit the goblin.
You kill the goblin!
Your Short Blades skill increases to level 1!
You hit the ooze. The ooze misses you.
You hit the ooze. The ooze hits you.
You take 1 damage, and have 7/10 hp.
You barely miss the ooze. The ooze hits you.
You take 2 damage, and have 5/10 hp.
You hit the ooze. The ooze hits you.
Ouch! That really hurt!
You die...

##.##.#...# .##.#
##.##.#.#.# .##.#
##.##.#.#.## .##.#
##.##.#.#..# .##.#
.#....#.##.##.##.#
........##..#.##.#
.#.########.#.##h#
.#.# #...##J# ...#
##..##@#
##.#########..##.#
#.#..........##.#
#.#.########.##.#
.# #..#.# ####
##.#.# ...# #...#
##.# ##..# ...#
#.>#


You could see an ooze and a jackal.

Vanquished Creatures
  A giant cockroach (D:1)
  A goblin (D:1)
  A kobold (D:1)
  4 rats (D:1)
7 creatures vanquished.

Notes
Turn   | Place    | Note
-------+----------+-------------------------------------------
     0 | D:1      | deepsabbath the Deep Elf Fire Elementalist began the quest for the Orb.
     0 | D:1      | Reached XP level 1. HP: 10/10 MP: 6/6
   808 | D:1      | Reached skill level 1 in Short Blades
   812 | D:1      | Slain by an ooze

Vault maps used:
D:1:      wheals_arrival_linesprint

Skill      XL: |  1 |
---------------+----+-----
Short Blades   | 1 |  1.1
Dodging        | |  2.8
Stealth        | |  2.4
Spellcasting   | |  3.0
Conjurations   | |  1.1
Fire Magic     | |  3.2

Action                   || total
-------------------------++-------
Melee: Short sword       ||    27
       Unarmed           ||    17
       Whip              ||     1
Armor: Robe              ||     3
Dodge: Dodged            ||    26

Vault maps used:
D:1:      wheals_arrival_linesprint

Table legend:
 A = Turns spent in this place as a percentage of turns spent in the entire game.
 B = Non-inter-level travel turns spent in this place as a percentage of non-inter-level travel turns spent in the entire game.
 C = Inter-level travel turns spent in this place as a percentage of turns spent in this place.
 D = Turns resting spent in this place as a percentage of non-inter-level travel turns spent in this place.
 E = Turns spent auto-exploring this place as a percentage of non-inter-level travel turns spent in this place.
 F = Non-inter-level travel turns spent in this place divided by the number of levels of this place that you've seen.
                   A       B       C       D       E      F
               +-------+-------+-------+-------+-------+----------------------
         Total | 100.0 | 100.0 |   0.3 |   2.1 |   1.3 | 380.0
       Dungeon | 100.0 | 100.0 |   0.3 |   2.1 |   1.3 | 380.0
               +-------+-------+-------+-------+-------+----------------------

Table legend:
 A = Kills in this place as a percentage of kills in entire the game.
 B = Kills by you in this place as a percentage of kills by you in the entire game.
 C = Kills by friends in this place as a percentage of kills by friends in the entire game.
 D = Other kills in this place as a percentage of other kills in the entire game.
 E = Experience gained in this place as a percentage of experience gained in the entire game.
 F = Experience gained in this place divided by the number of levels of this place that you have seen.
                   A       B       C       D       E      F
               +-------+-------+-------+-------+-------+----------------------
         Total | 100.0 | 100.0 |  -nan |  -nan | 100.0 |  10.0
       Dungeon | 100.0 | 100.0 |  -nan |  -nan | 100.0 |  10.0
               +-------+-------+-------+-------+-------+----------------------
